 Dungeon Crawl Stone Soup version 0.31.0-11-ge490571c62 (webtiles) character file.

Game seed: 3722933731553878756

5906 Buffagor the Mimic (level 10, 0/77 HPs)
             Began as a Demonspawn Shapeshifter on Jan 27, 2024.
             Was an Initiate of Cheibriados.
             Slain by a large abomination (19 damage)
             ... on level 1 of the Abyss.
             The game lasted 00:22:58 (6659 turns).

Buffagor the Mimic (Demonspawn Shapeshifter)        Turns: 6659, Time: 00:22:58

Health: 0/77       AC: 12    Str: 20    XL:     10   Next: 53%
Magic:  10/10      EV: 14    Int: 14    God:    Cheibriados [......]
Gold:   511        SH:  0    Dex: 16    Spells: 9/9 levels left

rFire   . . .        m - +7 long sword "Ostisuh" {freeze, rC+ Str+2 Int+3}
rCold   + . .        (no shield)
rNeg    . . .        y - +2 swamp dragon scales
rPois   +            (helmet currently unavailable)
rElec   .            (cloak currently unavailable)
rCorr   .            (gloves currently unavailable)
SInv    .            r - melded +0 pair of boots
Will    .....        (no amulet)
Stlth   +            (no ring)
HPRegen 0.32/turn    (no ring)
MPRegen 0.12/turn

%: no passive effects
@: beast-form, very slow
A: beast (slay +4), thin metallic scales 2, ignite blood 1, powered by pain 1,
demonic touch 1
a: Begin Untransformation, Renounce Religion


You were on level 1 of the Abyss.
You worshipped Cheibriados.
Cheibriados was noncommittal.
You were a hulking beast.
You visited 2 branches of the dungeon, and saw 10 of its levels.
You visited the Abyss 1 time.

You collected 511 gold pieces.

Inventory:

Hand Weapons
 m - the +7 long sword "Ostisuh" (weapon) {freeze, rC+ Str+2 Int+3}
   (You found it on level 2 of the Dungeon)

   Str+2:     It affects your strength (+2).
   Int+3:     It affects your intelligence (+3).
   rC+:       It protects you from cold.
 A - a +0 orcbow
Missiles
 u - a throwing net (quivered)
Armour
 j - a +0 helmet
 r - a +0 pair of boots (melded)
 y - +2 swamp dragon scales (worn)
Jewellery
 n - a ring of flight
Talismans
 c - a beast talisman (active)
 d - a flux talisman
Wands
 p - a wand of polymorph (5)
 t - a wand of flame (15)
 v - a wand of paralysis (8)
 B - a wand of acid (14)
Scrolls
 a - a scroll of fear {unknown}
 f - 3 scrolls of immolation
 h - 4 scrolls of teleportation
 k - a scroll of enchant weapon {unknown}
 o - 2 scrolls of blinking {unknown}
 s - 3 scrolls of enchant armour {unknown}
 w - a scroll of noise {unknown}
 x - 3 scrolls of identify
 D - a scroll of revelation {unknown}
Potions
 b - 2 potions of lignification
 g - 2 potions of curing
 i - 3 potions of haste
 l - 2 potions of heal wounds {unknown}
 q - a potion of might {unknown}
 z - a potion of degeneration {unknown}
 C - a potion of mutation {unknown}


   Skills:
 + Level 6.6 Fighting
 + Level 5.6 Long Blades
 + Level 6.1 Dodging
 + Level 6.5 Unarmed Combat
 * Level 8.3 Shapeshifting


You had 9 spell levels left.
You didn't know any spells.
Your spell library contained the following spells:

 Spells                   Type           Power      Damage    Failure   Level
 Mercury Vapours          Alch/Air       0%         N/A       58%         2
 Fugue of the Fallen      Necr           0%         N/A       83%         3
 Inner Flame              Hex/Fire       0%         N/A       83%         3
 Mephitic Cloud           Conj/Alch/Air  0%         N/A       83%         3
 Ozocubu's Armour         Ice            0%         N/A       83%         3
 Flame Wave               Conj/Fire      0%         2d4       99%         4
 Manifold Assault         Tloc           0%         N/A       99%         4
 Sticky Flame             Fire/Alch      0%         2d4       99%         4
 Freezing Cloud           Conj/Ice/Air   0%         6-21      100%        5


Dungeon Overview and Level Annotations

Branches:
Dungeon (9/15)             Temple (1/1) D:6            Lair (0/5) D:9
    Orc: D:9-12

Altars:
Ashenzari
Cheibriados
Dithmenos
Fedhas
Gozag
Hepliaklqana
Kikubaaqudgha
Makhleb
Nemelex Xobeh
Okawaru
Qazlal
Ru
Sif Muna
Trog
Vehumet
Wu Jian
Xom
Yredelemnul

Shops:
D:6 (

Annotations:
D:9 Erolcha


Innate Abilities, Weirdness & Mutations

You are a hulking beast.
Your limbs bulge with bestial killing power. (Slay +4)
You are mostly covered in thin metallic scales. (AC +3)
Your demonic aura sometimes causes spilled blood to erupt in flames.
You sometimes gain a little power by taking damage.
Your touch may inflict minor irresistible damage on your foes.


Message History

The tentacled starspawn tentacle-slaps you.
You slash the tentacled starspawn! You freeze the tentacled starspawn.
The tentacled starspawn is almost destroyed.
The starspawn tentacle constricts you. The tentacled starspawn misses you.
The tentacled starspawn tentacle-slaps you but does no damage.
You slash the tentacled starspawn! You freeze the tentacled starspawn.
You destroy the tentacled starspawn!
Cheibriados appreciates the change of pace.
The starspawn tentacle loses its grip on you.
The starspawn's tentacles wither and die.
Your Dodging skill increases to level 6!
A crimson imp comes into view.
A brain worm comes into view.
The brain worm's bulging head throbs.
Something gnaws on your mind!
You feel your power leaking away.
The brain worm's bulging head throbs.
Something gnaws on your mind!
You feel your power leaking away.
The crimson imp blinks!
Unknown command.
Unknown command.
The brain worm bites you but does no damage.
You slash the brain worm! You freeze the brain worm.
You touch the brain worm.
The brain worm is almost dead.
The brain worm barely misses you.
You slash the brain worm! You freeze the brain worm.
You kill the brain worm!
Cheibriados appreciates the change of pace.
The crimson imp blinks!
The crimson imp shouts, "Take thy face hence, thou fawning milk-livered dandiprat!"
You slash the crimson imp! You freeze the crimson imp.
You kill the crimson imp!
Cheibriados appreciates the change of pace.
You feel a little less agile now.
A large abomination comes into view.
The large abomination hits you!!
* * * LOW HITPOINT WARNING * * *
The large abomination hits you!!
You die...

##### #...##
#..#..## ##
...#..##.##X#
.....######.h#
..... #.##
.###. #.# .
.## ## .# .#
.# #.


You could see a large abomination.

Vanquished Creatures
  A tentacled starspawn (Abyss:1)
  Maggie (D:7)
  A hornet (D:8)
  Prince Ribbit (D:5)
  7 yaks
  2 steam dragons (D:7)
  Menkaure (D:6)
  Duvessa (D:6)
  4 water moccasins
  2 black bears
  3 centaurs
  An ogre (D:4)
  A phantom (D:7)
  2 kobold brigands
  A brain worm (Abyss:1)
  8 bullfrogs
  3 scorpions
  Dowan (D:6)
  A vampire bat (D:5)
  2 howler monkeys
  3 bombardier beetles
  A crimson imp (Abyss:1)
  An orc priest (D:7)
  2 jellies
  A gnoll bouda (D:5)
  Jessica (D:3)
  Ijyb (D:5)
  Natasha (thrice) (D:3)
  An orc wizard (D:7)
  16 gnolls
  6 adders
  A white imp (D:6)
  2 ufetubi (D:4)
  2 ribbon worms
  4 dart slugs
  9 orcs
  6 ball pythons
  5 bats
  5 bat skeletons (D:5)
  A bat zombie (D:5)
  4 endoplasms
  6 giant cockroaches
  4 goblins
  4 hobgoblins
  2 quokkas (D:1)
  16 kobolds
  5 rats
156 creatures vanquished.

Vanquished Creatures (others)
  2 starspawn tentacles (Abyss:1)
2 creatures vanquished.

Grand Total: 158 creatures vanquished

Notes
Turn   | Place    | Note
-------+----------+-------------------------------------------
     0 | D:1      | Buffagor the Demonspawn Shapeshifter began the quest for
                  | the Orb.
     0 | D:1      | Reached XP level 1. HP: 15/15 MP: 1/1
   227 | D:1      | Gained mutation: You are partially covered in thin metallic
                  | scales. (AC +2) [demonic ancestry]
   227 | D:1      | Reached XP level 2. HP: 9/21 MP: 2/2
   383 | D:1      | Reached skill level 3 in Shapeshifting
   748 | D:2      | Reached XP level 3. HP: 16/26 MP: 3/3
  1050 | D:2      | Identified the +7 long sword "Ostisuh" {freeze, rC+ Str+2
                  | Int+3}
  1400 | D:3      | Reached XP level 4. HP: 24/33 MP: 4/4
  1485 | D:3      | Found a hazy altar of Hepliaklqana.
  1485 | D:3      | Noticed a water moccasin
  1491 | D:3      | Killed a water moccasin
  1492 | D:3      | Reached skill level 1 in Long Blades
  1492 | D:3      | Reached XP level 5. HP: 30/38 MP: 5/5
  1806 | D:3      | Noticed Natasha
  1808 | D:3      | Killed Natasha
  1888 | D:3      | Noticed Jessica
  1891 | D:3      | Noticed Natasha
  1892 | D:3      | Killed Jessica
  1904 | D:3      | Killed Natasha
  1905 | D:3      | Reached skill level 4 in Shapeshifting
  2098 | D:3      | Noticed Natasha
  2103 | D:3      | Killed Natasha
  2104 | D:3      | Gained mutation: Your touch may inflict minor irresistible
                  | damage on your foes. [demonic ancestry]
  2104 | D:3      | Reached XP level 6. HP: 34/46 MP: 6/6
  2368 | D:4      | Found a blossoming altar of Fedhas.
  2515 | D:4      | Reached XP level 7. HP: 52/52 MP: 7/7
  2984 | D:5      | Entered Level 5 of the Dungeon
  3008 | D:5      | HP: 1/52 [burnt (6)]
  3165 | D:5      | Reached skill level 5 in Shapeshifting
  3339 | D:5      | Noticed Ijyb
  3347 | D:5      | Killed Ijyb
  3522 | D:5      | Noticed Prince Ribbit
  3543 | D:5      | Killed Prince Ribbit
  3544 | D:5      | Gained mutation: Your demonic aura sometimes causes spilled
                  | blood to erupt in flames. [demonic ancestry]
  3544 | D:5      | Reached XP level 8. HP: 60/60 MP: 8/8
  3835 | D:5      | Found an ancient bone altar of Kikubaaqudgha.
  4070 | D:6      | Noticed a rust devil
  4071 | D:6      | Noticed a rust devil
  4080 | D:6      | Noticed Menkaure
  4086 | D:6      | Killed Menkaure
  4326 | D:6      | Found Ceidyo's Weapon Shoppe.
  4601 | D:6      | Noticed Duvessa
  4605 | D:6      | Killed Duvessa
  4605 | D:6      | Noticed Dowan
  4606 | D:6      | Reached skill level 6 in Shapeshifting
  4611 | D:6      | Killed Dowan
  4636 | D:6      | Found a staircase to the Ecumenical Temple.
  4718 | Temple   | Found a transporter.
  4718 | Temple   | Found a transporter.
  4718 | Temple   | Found a transporter.
  4718 | Temple   | Found a transporter.
  4718 | Temple   | Entered the Ecumenical Temple
  4799 | D:7      | Found a broken altar of Ashenzari.
  4812 | D:7      | Noticed Maggie
  4820 | D:7      | Killed Maggie
  4821 | D:7      | Reached skill level 5 in Unarmed Combat
  4821 | D:7      | Gained mutation: You are mostly covered in thin metallic
                  | scales. (AC +3) [demonic ancestry]
  4821 | D:7      | Reached XP level 9. HP: 5/67 MP: 9/9
  5111 | D:7      | Reached skill level 5 in Fighting
  5309 | D:7      | Reached skill level 5 in Dodging
  5461 | D:7      | Found a stormy altar of Qazlal.
  5462 | D:7      | Found a basalt altar of Yredelemnul.
  5462 | D:7      | Found a burning altar of Makhleb.
  5830 | D:8      | Reached skill level 7 in Shapeshifting
  5963 | D:8      | Found a shadowy altar of Dithmenos.
  5983 | D:8      | Reached skill level 5 in Long Blades
  6102 | D:8      | Gained mutation: You sometimes gain a little power by
                  | taking damage. [demonic ancestry]
  6102 | D:8      | Reached XP level 10. HP: 56/76 MP: 10/10
  6184 | D:8      | Found a snail-covered altar of Cheibriados.
  6196 | D:8      | Became a worshipper of Cheibriados the Contemplative
  6524 | D:9      | Found a staircase to the Lair.
  6535 | D:9      | Reached skill level 8 in Shapeshifting
  6560 | D:9      | Noticed Erolcha
  6575 | Abyss:1  | Cast into level 1 of the Abyss (Erolcha)
  6603 | Abyss:1  | Found a corrupted altar of Lugonu.
  6611 | Abyss:1  | Noticed a tentacled starspawn
  6618 | Abyss:1  | Killed a tentacled starspawn
  6658 | Abyss:1  | Noticed a large abomination
  6659 | Abyss:1  | Slain by a large abomination

Illustrated notes

Levels and vault maps discovered:
D:1:      dpeg_arrival_houses_and_road, layout_basic
D:2:      layout_rooms, st_stairs_13, minivault_4
D:3:      layout_loops_ring, nicolae_hepliaklqana_hazy_memory,
          hangedman_feature_mirror, serial_bayou_pond_d, uniq_jessica,
          uniq_natasha
D:4:      layout_loops_cross, fedhas_altar_1, minivault_4
D:5:      layout_cave_pools, kennysheep_vampire_church, uniq_ijyb,
          uniq_prince_ribbit1
D:6:      cheibrodos_iron_armory, layout_loops_cross, minmay_temple_entry_grid,
          serial_shops, shop, corexii_leaking_fountain, uniq_duvessa,
          uniq_menkaure
D:7:      layout_basic, mainiacjoe_overflow_paths, minitemple, uniq_maggie
D:8:      layout_basic, kennysheep_slug_shrine, kennysheep_little_box
D:9:      layout_roguey, gammafunk_temple_overflow_statue,
          grunt_lair_entry_orc_guard_hut, orc_0_dummy, uniq_erolcha
Temple:   hellmonk_temple_divided_pantheon
Abyss:1:  base: D:4, evilmike_abyss_exit_4, evilmike_abyss_exit_4

Skill      XL: |  1  2  3  4  5  6  7  8  9 10 |
---------------+-------------------------------+-----
Dodging        | 2 3 4 5 6 |  6.1
Shapeshifting  | 3 4 5 6 7 8 |  8.3
Unarmed Combat | 3 4 5 6 |  6.5
Fighting       | 2 3 4 6 |  6.6
Long Blades    | 1 2 3 5 |  5.6

Action                     |  1- 3 |  4- 6 |  7- 9 | 10-12 || total
---------------------------+-------+-------+-------+-------++-------
  Melee: Unarmed           |    93 |       |       |       ||    93
         Punch             |     2 |     1 |     7 |     2 ||    12
         Long sword        |    11 |    62 |   169 |    39 ||   281
         Touch             |       |     6 |    25 |    10 ||    41
  Evoke: Wand              |       |       |     7 |       ||     7
    Use: Scroll            |       |       |     4 |       ||     4
         Potion            |       |       |     3 |     1 ||     4
   Stab: Sleeping          |       |     1 |       |       ||     1
 Armour: Animal skin       |    56 |    42 |    73 |       ||   171
         Swamp dragon scal |       |       |    56 |    29 ||    85
  Dodge: Dodged            |    71 |    40 |   145 |    29 ||   285
   Form: Beast             |     1 |       |     1 |       ||     2
                           |       |       |     1 |       ||     1
